AoeStats
← The1AndOnlyKarl

Black Forest

504273896Analyzed
1v1 RM · 28d ago on Sep 4, 2026· 23m 53s· 2 players
Game mode
Random Map
Map size
Tiny (2 player)
Population
200
Speed
Normal
Resources
Standard
Victory
Conquest
Starting age
Dark Age
Ending age
Imperial Age
RankedLock teamsTeams togetherTeam positionsShared explorationLock speedFull tech treeHidden civsTurbo modeCheats
Victory
Defeat
🇦🇪 Malians · United Arab Emirates
837
+15
🇩🇪 Khmer · Germany
819
-15
The1AndOnlyKarl
1:12 Loom
11:42 Feudal Age
16:15 Castle Age
18:45 Light Cavalry
21:27 Wheelbarrow
21:20 Double-Bit Axe
22:26 Wheelbarrow
24:20 Hand Cart
PEZKDOOR
9:45 Feudal Age
10:19 Man-at-Arms
26:12 Castle Age
Connection lost

Rejoining the realm…

Still unreachable

The connection could not be restored.

Session expired

The server has moved on; the page needs a fresh start.